 Dungeon Crawl Stone Soup version 0.28-a0-643-g84cb2ea78e (webtiles) character file.

Game seed: 8291501663430710382

1492 lawman0 the Cleaver (level 8, -17/65 HPs)
             Began as a Palentonga Berserker on Oct 10, 2021.
             Was a Priest of Trog.
             Killed from afar by an acid dragon (21 damage)
             ... with a splash of acid
             ... on level 6 of the Dungeon.
             The game lasted 00:05:03 (6077 turns).

lawman0 the Cleaver (Palentonga Berserker)          Turns: 6077, Time: 00:05:05

Health: -17/65     AC:  7    Str: 22    XL:     8   Next: 51%
Magic:  8/8        EV: 12    Int:  7    God:    Trog [***...]
Gold:   101        SH:  0    Dex: 11    Spells: 7/7 levels left

rFire   . . .      SeeInvis +   a - +0 hand axe
rCold   . . .      Faith    .   (no shield)
rNeg    + . .      Spirit   .   e - +0 scale mail
rPois   .          Reflect  .   n - +0 helmet
rElec   .          Harm     .   (no cloak)
rCorr   .          Rampage  .   (no gloves)
Will    .....                   (no barding)
Stlth   ..........              k - amulet of magic regeneration
HPRegen 0.20/turn               r - ring of positive energy
MPRegen 0.36/turn               t - +4 ring of evasion

@: about to teleport, corroded, on berserk cooldown, slowed, curled up, very
slow
A: large, rugged brown scales 3, see invisible, deformed body, roll 1, armoured
tail, reflexive curl
a: Rolling Charge, Renounce Religion, Berserk, Trog's Hand


You were on level 6 of the Dungeon.
You worshipped Trog.
Trog was most pleased with you.
You visited 1 branch of the dungeon, and saw 6 of its levels.

You collected 192 gold pieces.
You spent 91 gold pieces at shops.

Inventory:

Hand Weapons
 a - a +0 hand axe (weapon)
Missiles
 u - 21 bolts
Armour
 e - a +0 scale mail (worn)
 n - a +0 helmet (worn)
Jewellery
 k - an amulet of magic regeneration (around neck)
 r - a ring of positive energy (left hand)
 t - a +4 ring of evasion (right hand)
Scrolls
 b - 2 scrolls of noise
 c - a scroll of torment
 d - a scroll of teleportation
 f - a scroll of brand weapon
 h - 2 scrolls of enchant armour
 o - a scroll of magic mapping
 p - a scroll of fog
 s - a scroll of enchant weapon {unknown}
 x - a scroll of vulnerability {unknown}
Potions
 g - a potion of attraction {unknown}
 i - a potion of mutation {unknown}
 j - a potion of cancellation {unknown}
 l - a potion of magic {unknown}
 q - 2 potions of berserk rage {unknown}
 v - 2 potions of heal wounds {unknown}
 w - a potion of haste {unknown}


   Skills:
 + Level 4.7 Fighting
 * Level 9.2 Axes
 + Level 3.8 Armour
 + Level 2.3 Dodging
 + Level 0.5 Stealth


You had 7 spell levels left.
You didn't know any spells.
Your spell library was empty.

Dungeon Overview and Level Annotations

Branches:
Dungeon (6/15)
 Temple: D:4-7

Altars:
Cheibriados
Elyvilon
Gozag
Trog
Vehumet
Zin

Shops:
D:3 ?   D:4 ?


Innate Abilities, Weirdness & Mutations

You are completely covered in rugged brown scales. (AC +3, +7% HP)
You have supernaturally acute eyesight. (SInv)
Armour fits poorly on your strangely shaped body.
You can roll at nearby foes to attack.
You have a long armoured tail.
You curl defensively after being hit.


Message History

An acid dragon comes into view.
The acid dragon roars!
An acid dragon is nearby!
An acid dragon is nearby!
An acid dragon is nearby!
A red film seems to cover your vision as you go berserk!
You feel yourself moving faster!
You feel mighty! The acid dragon spits acid at you.
The splash of acid hits you!! The acid corrodes you!
Found a clear potion.
You feel a strong urge to attack something.
The acid dragon bites you! The acid dragon completely misses you.
Found 8 stones.
The acid dragon closely misses you. The acid dragon barely misses you.
You hit the acid dragon.
The acid dragon is lightly wounded.
You barely miss the acid dragon.
The acid dragon is lightly wounded.
The acid dragon spits acid at you. The splash of acid hits you!!
* * * LOW HITPOINT WARNING * * *
The acid corrodes you!
You are too injured to fight recklessly!
You are too injured to fight recklessly!
You feel a strong urge to attack something.
You are no longer berserk.
You are exhausted.
You feel yourself slow down.
You hit the acid dragon but do no damage.
The acid dragon is lightly wounded.
The acid dragon closely misses you. The acid dragon barely misses you.
Okay, then.
As you read the scroll of teleportation, it crumbles to dust.
You feel strangely unstable. The acid dragon bites you!
* * * LOW HITPOINT WARNING * * *
The acid dragon claws you.
* * * LOW HITPOINT WARNING * * *
The acid dragon spits acid at you. The splash of acid hits you!!
You die...

..... #... .#
#.....####( #..
..#.... #..
.......
#.##...!...
#.........
#@......#
#D...######.
#...........
##...###...#
#..........#......
#.....##..........
#.....# #..#.....#
#.....# #..#.....#
#.....###..#.....#


You could see an acid dragon (catching breath).

Vanquished Creatures
  A hornet (D:5)
  A water moccasin (D:3)
  An ice beast (D:6)
  A sky beast (D:5)
  2 necrophages
  An ogre (D:5)
  A centaur (D:5)
  A scorpion (D:5)
  A gnoll sergeant (D:5)
  A water moccasin skeleton (D:5)
  A centaur zombie (D:6)
  A jelly (D:5)
  A gnoll shaman (D:5)
  2 hounds
  An orc priest (D:5)
  An iguana (D:5)
  A bullfrog skeleton (D:4)
  An orc wizard (D:4)
  A hound zombie (D:5)
  A hound skeleton (D:4)
  A mummy (D:4)
  9 gnolls (D:5)
  2 adders
  A shadow imp (D:6)
  An adder skeleton (D:4)
  A worm (D:4)
  2 dart slugs
  8 orcs
  7 ball pythons
  7 bats
  10 endoplasms
  4 giant cockroaches
  4 goblins
  3 hobgoblins
  11 kobolds
  3 quokkas
  5 frilled lizards
  3 rats
104 creatures vanquished.

Notes
Turn   | Place    | Note
-------+----------+-------------------------------------------
     0 | D:1      | lawman0 the Palentonga Berserker began the quest for the
                  | Orb.
     0 | D:1      | Reached XP level 1. HP: 19/19 MP: 1/1
    21 | D:1      | Found a faded altar of an unknown god.
    21 | D:1      | Noticed a golden eye
    87 | D:1      | Noticed a golden eye
    90 | D:1      | Noticed a shining eye
    90 | D:1      | Noticed a shining eye
   435 | D:1      | Reached XP level 2. HP: 24/25 MP: 2/2
  1395 | D:2      | Reached skill level 4 in Axes
  1395 | D:2      | Reached XP level 3. HP: 25/31 MP: 3/3
  1962 | D:2      | Reached ** piety under Trog
  2387 | D:3      | Found a white marble altar of Elyvilon.
  2479 | D:3      | Noticed a water moccasin
  2489 | D:3      | Killed a water moccasin
  2490 | D:3      | Reached skill level 5 in Axes
  2490 | D:3      | Reached XP level 4. HP: 15/37 MP: 4/4
  2490 | D:3      | Reached XP level 5. HP: 17/43 MP: 5/5
  2812 | D:3      | Found a radiant altar of Vehumet.
  2824 | D:3      | Found a bloodstained altar of Trog.
  2953 | D:3      | Found Beorghent's Magic Scroll Boutique.
  2956 | D:3      | Bought a scroll of magic mapping for 49 gold pieces
  2956 | D:3      | Bought a scroll of noise for 14 gold pieces
  2956 | D:3      | Bought a scroll of fog for 28 gold pieces
  2969 | D:3      | Found a glowing silver altar of Zin.
  3097 | D:4      | Found Osti Lezoi's Magic Scroll Boutique.
  3171 | D:4      | Found a snail-covered altar of Cheibriados.
  3537 | D:4      | Noticed a necrophage
  3554 | D:4      | Killed a necrophage
  3555 | D:4      | Reached XP level 6. HP: 51/51 MP: 6/6
  3727 | D:4      | Reached skill level 6 in Axes
  3887 | D:4      | Found an opulent altar of Gozag.
  4137 | D:5      | Entered Level 5 of the Dungeon
  4307 | D:5      | Gained mutation: You curl defensively after being hit.
                  | [Palentonga growth]
  4307 | D:5      | Reached XP level 7. HP: 47/57 MP: 7/7
  4313 | D:5      | Reached skill level 7 in Axes
  4570 | D:5      | Noticed a hornet
  4573 | D:5      | Paralysed by a hornet for 2 turns
  4578 | D:5      | Paralysed by a hornet for 2 turns
  4584 | D:5      | Killed a hornet
  4587 | D:5      | HP: 1/58 [poisoned by a hornet]
  4894 | D:5      | Reached *** piety under Trog
  4895 | D:5      | Reached skill level 8 in Axes
  5014 | D:5      | Reached XP level 8. HP: 65/65 MP: 8/8
  5980 | D:6      | Reached skill level 9 in Axes
  6077 | D:6      | Killed from afar by an acid dragon

Illustrated notes

Levels and vault maps discovered:
D:1:      nicolae_arrival_washed_ashore, layout_loops_ring,
          hellmonk_ecumenical_altar_watching_god, roderic_filled_cross,
          minmay_hedge_maze
D:2:      layout_rooms, minmay_lizard_pond
D:3:      layout_rooms, mainiacjoe_overflow_brackets,
          mainiacjoe_overflow_alcove_4, amethyst_overflow_temple_binary,
          serial_shops, nicolae_shop_behind_doors
D:4:      layout_basic, nicolae_gozag_cash_rules_everything_around_me,
          slow_altar_2, serial_shops, shop
D:5:      layout_gridville, corexii_checkpoint_a
D:6:      layout_basic, minmay_temple_entry_purple_smoke, minmay_misc_feat_five,
          guppyfry_shop_venom

Skill      XL: |  1  2  3  4  5  6  7  8 |
---------------+-------------------------+-----
Axes           | 4 5 6 8 9 |  9.2
Armour         | 2 3 |  3.8
Dodging        | 2 |  2.3
Fighting       | 4 |  4.7
Stealth        | |  0.5

Action                   |  1- 3 |  4- 6 |  7- 9 || total
-------------------------+-------+-------+-------++-------
Melee: Hand axe          |   117 |   124 |   104 ||   345
       Tailslap          |    17 |    23 |    13 ||    53
Invok: Berserk           |     3 |     2 |     8 ||    13
 Abil: Rolling Charge    |       |       |     1 ||     1
  Use: Scroll            |     3 |     1 |     1 ||     5
       Potion            |       |       |     2 ||     2
 Stab: Sleeping          |     1 |       |       ||     1
Armor: Animal skin       |    12 |       |       ||    12
       Scale mail        |    52 |    50 |    24 ||   126
Dodge: Dodged            |    54 |    70 |    89 ||   213

Table legend: (Time is in decaauts)
 A = Elapsed time spent in this place.
 B = Non-inter-level travel time spent in this place.
 C = Inter-level travel time spent in this place.
 D = Time resting spent in this place.
 E = Time spent auto-exploring this place.
 F = Levels seen in this place.
 G = Mean time per level.
                   A        B        C        D        E       F      G
               +--------+--------+--------+--------+--------+-----+--------+
         Total |   6173 |   6017 |    156 |   1591 |   3582 |   6 | 1028.8 |
       Dungeon |   6173 |   6017 |    156 |   1591 |   3582 |   6 | 1028.8 |
               +--------+--------+--------+--------+--------+-----+--------+

Top non-repeatable levels by time:
     D:5: 1803 daAuts
     D:1: 1355 daAuts
     D:4: 1099 daAuts
     D:3: 997 daAuts
     D:2: 778 daAuts
     D:6: 139 daAuts
